AoeStats
← nicerboi

Four Lakes

508945892Analyzed
1v1 RM · 8d ago on Sep 24, 2026· 46m 5s· 2 players
Game mode
Random Map
Map size
Tiny (2 player)
Population
200
Speed
Normal
Resources
Standard
Victory
Conquest
Starting age
Dark Age
Ending age
Imperial Age
RankedLock teamsTeams togetherTeam positionsShared explorationLock speedFull tech treeHidden civsTurbo modeCheats
Victory
Defeat
🇲🇽 Vikings · Mexico
1131
+17
🇩🇪 Vietnamese · Germany
1146
-17
JGSC
7:06 Loom
9:50 Feudal Age
11:17 Double-Bit Axe
16:48 Castle Age
15:05 Gold Mining
16:19 Fletching
16:29 Padded Archer Armor
16:25 Horse Collar
18:29 Bodkin Arrow
18:52 Elite Skirmisher
30:38 Leather Archer Armor
29:58 Crossbowman
32:00 Heavy Plow
35:08 Imperial Age
34:14 Town Watch
35:09 Scale Mail Armor
35:20 Forging
36:16 Bracer
37:56 Ballistics
38:36 Chemistry
40:31 Ring Archer Armor
40:48 Capped Ram
44:39 Conscription
43:46 Elite Berserk
nicerboi
4:56 Loom
9:59 Feudal Age
12:02 Double-Bit Axe
13:18 Horse Collar
15:47 Fletching
22:12 Castle Age
22:24 Crossbowman
23:11 Bodkin Arrow
24:22 Elite Skirmisher
29:00 Wheelbarrow
28:21 Town Watch
33:44 Imperial Age
31:57 Ballistics
32:20 Bow Saw
33:18 Thumb Ring
33:34 Padded Archer Armor
34:23 Town Patrol
34:54 Bracer
34:30 Arbalester
39:27 Chemistry
41:31 Imperial Skirmisher
42:55 Leather Archer Armor
Connection lost

Rejoining the realm…

Still unreachable

The connection could not be restored.

Session expired

The server has moved on; the page needs a fresh start.